 Dungeon Crawl Stone Soup version bcrawl-1.39.1 (webtiles) character file.

Game seed: 13728753971757645336

461573 Rhok the Severer (level 14, -2/122 HPs)
             Began as a Pale Draconian Hunter on Oct 2, 2023.
             Was a High Priest of Hepliaklqana.
             Slain by an iron troll (13 damage)
             ... in the Orcish Mines on Oct 3, 2023.
             The game lasted 00:54:44 (21675 turns).

Rhok the Severer (Pale Draconian Hunter)           Turns: 21675, Time: 00:54:45

Health: -2/122     AC: 17    Str: 17    XL:     14   Next: 85%
Magic:  17/17      EV: 24    Int: 14    God:    Hepliaklqana [*****.]
Gold:   2684       SH:  0    Dex: 14    Spells: 13/13 levels left

rFire    + . .     GDR:     26% a - +1 battleaxe (freeze)
rCold    + + .     SeeInvis .   (shield currently unavailable)
rNeg     . . .     Gourm    +   (armour unavailable)
rPois    +         Faith    .   (helmet restricted)
rElec    .         Spirit   .   Z - +2 cloak
rCorr    +         Reflect  .   X - +2 pair of gloves of Muttered Phrases {rC+ rCorr Int+2}
MR       ++...                  q - +2 pair of boots
Stlth    ++........             l - amulet of the gourmand
HPRegen  0.30/turn              K - +5 ring of evasion
MPRegen  0.15/turn              R - ring of Fiwnoso {rPois rF+ rC+ MR+}

@: no status effects
A: breathe steam, unfitting armour, reduced essence, cold-blooded, AC +8
a: Breathe Steam, Recall Ancestor, Ancestor Identity, Transference, Incarnate,
Renounce Religion


You were in the Orcish Mines.
You worshipped Hepliaklqana.
Hepliaklqana was extremely pleased with you.
You were not hungry.

You visited 4 branches of the dungeon, and saw 19 of its levels.
You visited 1 bazaar.
You also visited: Gauntlet and Volcano.

You collected 2900 gold pieces.
You spent 216 gold pieces at shops.

Inventory:

Hand Weapons
 a - a +1 battleaxe of freezing (weapon)
 j - a +0 war axe
 L - a +0 battleaxe of flaming
Missiles
 b - 661 javelins (quivered)
 c - 2 throwing nets {=f}
 s - 305 poisoned tomahawks
 u - 143 tomahawks of dispersal {=f}
Armour
 q - a +2 pair of boots (worn)
 I - a +0 buckler
 X - the +2 pair of gloves of Muttered Phrases (worn) {rC+ rCorr Int+2}
   (You found it in a Gauntlet)

   It affects your intelligence (+2).
   It protects you from cold.
   It provides partial protection from all sources of acid and corrosion.
 Z - a +2 cloak (worn)
Jewellery
 l - an amulet of the gourmand (around neck)
 H - an uncursed ring of insulation
 K - a +5 ring of evasion (left hand)
 Q - an uncursed ring of protection from magic
 R - the ring of Fiwnoso (right hand) {rPois rF+ rC+ MR+}
   (You found it on level 2 of the Lair of Beasts)

   [ring of protection from cold]

   It protects you from fire.
   It protects you from cold.
   It protects you from poison.
   It affects your resistance to hostile enchantments.
 U - a +3 ring of protection
Wands
 f - a wand of disintegration (14)
 v - a wand of paralysis (13)
 A - a wand of scattershot (3)
 D - a wand of iceblast (8)
 N - a wand of digging (10)
 P - a wand of acid (6)
Scrolls
 h - 6 scrolls of remove curse
 n - 2 scrolls of revelation
 w - 3 scrolls of fear
 y - 6 scrolls of blinking
 C - 6 scrolls of amnesia
 F - a scroll of enchant weapon
 G - 4 scrolls of teleportation
 J - a scroll of enchant armour
 M - 2 scrolls of fog
 V - a scroll of summoning
Potions
 d - a potion of degeneration {unknown}
 k - 4 potions of lignification
 m - a potion of ambrosia
 o - a potion of haste
 p - 6 potions of curing
 r - 2 potions of heal wounds
 t - 2 potions of mutation
 x - a potion of invisibility
 z - a potion of flight
 B - a potion of cancellation
 O - a potion of brilliance {unknown}
Miscellaneous
 g - a lamp of fire
 E - a phial of floods
Comestibles
 e - 18 rations {!d}
 i - 37 chunks of flesh


   Skills:
 * Level 15.7 Fighting
 - Level 16.0 Axes
 - Level 5.0 Throwing
 * Level 11.9 Dodging
 - Level 1.0 Stealth
 - Level 4.0 Invocations
 - Level 4.0 Evocations


You had 13 spell levels left.
You didn't know any spells.
Your spell library contained the following spells:

 Spells                   Type           Power        Failure   Level  Hunger
 Apportation              Tloc           #.....       28%         1    None
 Blink Other              Tloc           #.....       28%         1    None
 Corona                   Hex            #......      28%         1    None
 Infusion                 Chrm           #.......     28%         1    None
 Sandblast                Erth           #.....       28%         1    None
 Slow                     Hex            #.......     28%         1    None
 Summon Butterflies       Summ           #.......     28%         1    None
 Blink                    Tloc           N/A          41%         2    ####...
 Shackle                  Hex            #.......     41%         2    ####...
 Song of Slaying          Chrm           #.......     41%         2    ####...
 Swiftness                Chrm/Air       #.......     41%         2    ####...
 False Image              Hex/Summ       #.......     65%         3    #####..
 Inner Flame              Hex/Fire       N/A          65%         3    #####..
 Ozocubu's Armour         Chrm/Ice       #.......     65%         3    #####..
 Portal Projectile        Tloc           #.....       65%         3    #####..
 Regeneration             Chrm/Necr      #.........   65%         3    #####..
 Spectral Weapon          Hex/Chrm       #.......     65%         3    #####..
 Teleport Other           Tloc           #.......     65%         3    #####..
 Tukima's Dance           Hex            #.......     65%         3    #####..
 Cause Fear               Hex            #.........   96%         4    ######.
 Yara's Violent Unravell  Hex/Tmut       #.........   96%         4    ######.
 Bolt of Draining         Conj/Necr      #.........   100%        5    #######
 Bolt of Magma            Conj/Fire/Erth #.........   100%        5    #######
 Freezing Cloud           Ice/Air        #.......     100%        5    #######
 Metabolic Englaciation   Hex/Ice        #.........   100%        5    #######
 Passage of Golubria      Tloc           N/A          100%        5    #######
 Bolt of Cold             Conj/Ice       #.........   100%        6    #######
 Darkness                 Hex            #.........   100%        6    #######
 Dispersal                Tloc           #.........   100%        6    #######
 Iron Shot                Conj/Erth      #.........   100%        6    #######
 Ozocubu's Refrigeration  Ice            #.........   100%        6    #######
 Poison Arrow             Conj/Pois      #.........   100%        6    #######
 Simulacrum               Ice/Necr       #.......     100%        6    #######
 Statue Form              Tmut/Erth      #........    100%        6    #######
 Virulence                Hex/Pois       #.......     100%        6    #######
 Discord                  Hex            #.........   100%        7    #######
 Tornado                  Tloc/Air       #.........   100%        8    #######
 Shatter                  Erth           #.........   100%        9    #######


Dungeon Overview and Level Annotations

Branches:
Dungeon (11/12)            Temple (1/1) D:4            Lair (6/6) D:9
 Shoals (0/3) Lair:4       Spider (0/3) Lair:3        Slime (0/5) Orc
    Orc (1/1) D:8          Forest (0/3) Lair:5
 Vaults: D:11-12

Altars:
Ashenzari
Cheibriados
Dithmenos
Elyvilon
Fedhas
Gozag
Hepliaklqana
Kikubaaqudgha
Lugonu
Makhleb
Nemelex Xobeh
Okawaru
Qazlal
Ru
Sif Muna
Trog
Uskayaw
Vehumet
Wu Jian
Xom
Yredelemnul
Zin
The Shining One
Jiyva

Shops:
D:4 !   D:7 (   Orc *

Annotations:
D:6 1 runed door


Innate Abilities, Weirdness & Mutations

You can breathe blasts of scalding, opaque steam.
Your pale cyan-grey scales are hard. (AC +8)
You cannot fit into any form of body armour.
You are cold-blooded and may be slowed by cold attacks.
Your life essence is reduced to manifest your ancestor. (-10% HP)


Message History

Ye slash tha iron troll!
Ye freeze tha iron troll.
Tha iron troll be severely wounded.
FRE'N THA SECOND hits tha iron troll but does nay damage.
Ye catch tha helpless iron troll completely off-guard!
Ye hit tha iron troll but do nay damage.
Tha iron troll be severely wounded.
Tha iron troll barely misses ye.
Tha iron troll claws ye! x2
* * * LOW HITPOINT WARNIN'
* * * Ye hit tha iron troll.
Ye freeze tha iron troll.
Tha iron troll be almost dead.
FRE'N THA SECOND hits tha iron troll but does nay damage.
Ye hit tha iron troll.
Ye freeze tha iron troll.
Ye tail-slap tha iron troll, but do nay damage.
Tha iron troll be almost dead.
Tha iron troll bites ye.
* * * LOW HITPOINT WARNIN'
* * * Tha iron troll claws ye!
* * * LOW HITPOINT WARNIN'
* * * Tha iron troll claws ye!
Ye die...

.....))...................##
.#............#..........##
###......#.#.###).......## #
##.....#.### #).......## #
##....########...##...# #
##...# ##.#.##..###.##
##..###.....#))).###
#...###..)..(....# ##.##
###R@.....## ###
#)TO....#.## ##..#.[.....#
##...))......#
#............#
#...........## *********
##....$....##
,,,*,,,,****#........##
,,,,,,∩,,,*...........#


You could see the friendly FREEN THE SECOND the knight, an iron troll and a
two-headed ogre.

Vanquished Creatures
  Nessos (Lair:4)
  A minotaur (Gauntlet)
  An ettin (Orc)
  Snorg (Lair:4)
  A fire dragon (Volcano)
  2 hydras (Lair:5)
  4 two-headed ogres
  2 catoblepae (Lair:6)
  An anaconda (Lair:5)
  8 death yaks
  An ogre mage (Orc)
  A hell hog (Gauntlet)
  An orc high priest (Orc)
  3 sun demons (Volcano)
  A deep troll (Orc)
  A goliath frog (Lair:6)
  An obsidian statue (Gauntlet)
  A wolf spider zombie (D:10)
  A wizard (Gauntlet)
  A cyclops (D:10)
  An oklob plant (Lair:3)
  An orc knight (Orc)
  3 elephants (Lair:5)
  4 black mambas
  A merfolk siren (Lair:4)
  8 cane toads
  A smoke demon (Volcano)
  A torpor snail (Lair:4)
  An eye of draining (D:8)
  2 kobold demonologists (D:10)
  2 komodo dragons
  A rime drake (Lair:6)
  A polar bear (Lair:5)
  A hornet (Lair:2)
  5 trolls
  16 blink frogs
  6 slime creatures (D:10)
  A harpy skeleton (D:8)
  4 hippogriffs
  4 dream sheep (Lair:5)
  A wyvern (D:10)
  26 yaks
  4 fire bats (Gauntlet)
  A basilisk (Lair:3)
  A human (D:8)
  2 hungry ghosts
  2 steam dragons
  A warg (D:9)
  Edmund (D:5)
  4 hell hounds
  A crocodile (Lair:2)
  7 water moccasins
  6 porcupines
  2 ice beasts
  6 orc warriors
  A sky beast (D:9)
  A black bear (Lair:1)
  A necrophage (D:8)
  19 ogres
  2 phantoms
  7 wolves
  10 bullfrogs
  A kobold brigand (D:7)
  Blork the orc (D:5)
  4 centaurs
  A gnoll sergeant (D:7)
  3 scorpions (Lair:3)
  3 killer bees
  5 wights
  2 howler monkeys
  10 crimson imps
  9 orc priests
  4 hounds
  3 jellies
  A bullfrog skeleton (D:6)
  Natasha (twice) (D:3)
  Terence (D:3)
  3 iguanas
  Ijyb (D:3)
  12 orc wizards
  7 worker ants
  4 ogre zombies (D:8)
  Robin (D:3)
  7 gnolls
  14 adders
  2 shadow imps
  A white imp (Gauntlet)
  3 oozes (Orc)
  An adder skeleton (D:4)
  An adder zombie (D:8)
  5 worms
  5 dart slugs
  3 leopard geckos
  55 orcs
  2 ball pythons
  3 bats
  2 giant cockroaches
  7 hobgoblins
  3 jackals
  5 quokkas
  7 frilled lizards
  14 goblins
  2 goblin skeletons (D:8)
  A goblin zombie (D:8)
  3 hobgoblin skeletons (D:8)
  18 kobolds
  2 orc skeletons (D:8)
  5 orc zombies (D:8)
  A quokka skeleton (D:6)
  9 rats
  2 fungi
  3 plants
468 creatures vanquished.

Vanquished Creatures (collateral kills)
  A hydra (Lair:6)
  A catoblepas (Lair:6)
  An ogre mage (Orc)
  2 two-headed ogres (Orc)
  A death yak (Lair:4)
  Nergalle (Lair:3)
  2 sun demons (Volcano)
  A cyclops (Orc)
  2 manticores (Lair:6)
  2 elephants (Lair:5)
  A black mamba (Lair:5)
  A smoke demon (Volcano)
  A cane toad (Lair:2)
  A komodo dragon (Lair:3)
  A troll (Orc)
  2 slime creatures (D:10)
  2 polar bears
  9 blink frogs
  A dream sheep (Lair:5)
  12 yaks
  A warg (D:9)
  A crocodile (Lair:5)
  An acid dragon (D:9)
  A two-headed ogre zombie (D:8)
  2 water moccasins
  A porcupine (Lair:3)
  2 ice beasts (D:10)
  A hell hound (Volcano)
  3 orc warriors
  7 ogres
  3 sky beasts
  4 wolves
  3 phantoms
  A blink frog skeleton (D:10)
  3 bullfrogs
  A troll zombie (D:8)
  3 killer bees (D:7)
  A water moccasin skeleton (D:5)
  8 wights
  4 orc priests
  A lava snake (D:7)
  2 crimson imps
  2 hounds
  6 orc wizards
  2 jellies
  A worker ant (Lair:3)
  2 ogre zombies (D:8)
  A gnoll (D:7)
  An ooze (Orc)
  11 orcs
  A giant cockroach (Lair:3)
  3 jackals
  5 kobolds
  A hobgoblin skeleton (D:8)
  2 hobgoblin zombies (D:8)
  An orc skeleton (D:8)
  8 orc zombies (D:8)
  A fungus (Lair:2)
147 creatures vanquished.

Vanquished Creatures (others)
  3 knights
  4 ancestors
  13 fungi
  9 plants
29 creatures vanquished.

Grand Total: 644 creatures vanquished

Notes
Turn   | Place    | Note
-------+----------+-------------------------------------------
     0 | D:1      | Rhok the Draconian Hunter began the quest for the Orb.
     0 | D:1      | Reached XP level 1. HP: 17/17 MP: 1/1
   181 | D:1      | Reached XP level 2. HP: 26/26 MP: 2/2
   791 | D:2      | Reached XP level 3. HP: 17/33 MP: 3/3
  1508 | D:3      | Noticed Terence
  1523 | D:3      | Killed Terence
  1524 | D:3      | Reached skill level 5 in Fighting
  1524 | D:3      | Reached XP level 4. HP: 42/42 MP: 4/4
  1537 | D:3      | Noticed Ijyb
  1909 | D:3      | Reached XP level 5. HP: 34/50 MP: 5/5
  2146 | D:3      | Noticed Natasha
  2149 | D:3      | Noticed Robin
  2153 | D:3      | Killed Natasha
  2154 | D:3      | Reached skill level 1 in Axes
  2188 | D:3      | Killed Robin
  2189 | D:3      | Reached skill level 2 in Axes
  2477 | D:3      | Killed Ijyb
  2578 | D:3      | Reached skill level 3 in Axes
  2578 | D:3      | Reached XP level 6. HP: 52/57 MP: 6/6
  2712 | D:3      | Noticed Natasha
  2719 | D:3      | Killed Natasha
  3231 | D:4      | Reached skill level 4 in Axes
  3298 | D:4      | Found a staircase to the Ecumenical Temple.
  3315 | Temple   | Entered the Ecumenical Temple
  3541 | Temple   | Became a worshipper of Hepliaklqana the Forgotten
  3644 | D:4      | Reached skill level 5 in Axes
  3663 | D:4      | Your scales start taking on a pale cyan-grey colour.
  3663 | D:4      | Reached XP level 7. HP: 17/56 MP: 7/7
  3865 | D:4      | Reached skill level 6 in Axes
  4020 | D:4      | Reached skill level 7 in Axes
  4199 | D:4      | Found Vizoohy's Distillery.
  4203 | D:4      | Bought a potion of haste for 120 gold pieces
  4203 | D:4      | Bought a potion of curing for 30 gold pieces
  4203 | D:4      | Bought a potion of berserk rage for 36 gold pieces
  4203 | D:4      | Bought a potion of curing for 30 gold pieces
  4403 | D:4      | Reached XP level 8. HP: 61/63 MP: 8/8
  4855 | D:5      | Entered Level 5 of the Dungeon
  4872 | D:4      | Reached skill level 8 in Axes
  4966 | D:5      | Reached skill level 9 in Axes
  5215 | D:5      | Noticed Edmund
  5242 | D:5      | Killed Edmund
  5339 | D:5      | Reached * piety under Hepliaklqana
  5658 | D:5      | Reached skill level 10 in Axes
  5838 | D:6      | Found a shimmering altar of Xom.
  5838 | D:6      | Found a shimmering altar of Xom.
  5848 | D:6      | Found a shimmering altar of Xom.
  5943 | D:6      | Noticed Blork the orc
  5998 | D:5      | Killed Blork the orc
  6091 | D:6      | Reached XP level 9. HP: 66/67 MP: 9/9
  6298 | D:6      | Found a shadowy altar of Dithmenos.
  6553 | D:6      | Found a runed door.
  6588 | D:6      | Reached skill level 11 in Axes
  6859 | D:7      | Noticed a troll
  7021 | D:7      | Reached ** piety under Hepliaklqana
  7022 | D:7      | Remembered your ancestor FREEN THE SECOND as a knight
  7054 | D:7      | Found Emeegi's Weapon Emporium.
  7463 | D:7      | Reached skill level 12 in Axes
  7911 | D:7      | Noticed a troll
  7926 | D:7      | Killed a troll
  8191 | D:8      | Found an iron altar of Okawaru.
  8201 | D:8      | Reached XP level 10. HP: 81/81 MP: 10/10
  8230 | D:8      | Found a staircase to the Orcish Mines.
  8586 | D:8      | Reached *** piety under Hepliaklqana
  8786 | D:8      | Reached skill level 10 in Fighting
  8886 | D:8      | Found a shimmering blue altar of Sif Muna.
  8886 | D:8      | Found a blossoming altar of Fedhas.
  8893 | D:8      | Found an ornate altar of the Wu Jian Council.
  8899 | D:8      | Found a faded altar of an unknown god.
  8901 | D:8      | Found a faded altar of an unknown god.
 10025 | D:9      | Reached skill level 5 in Dodging
 10028 | D:9      | Found a staircase to the Lair.
 10191 | D:9      | Noticed a two-headed ogre
 10198 | D:9      | Killed a two-headed ogre
 10199 | D:9      | Reached XP level 11. HP: 58/91 MP: 11/11
 10748 | D:10     | Entered Level 10 of the Dungeon
 10936 | D:10     | Reached **** piety under Hepliaklqana
 11303 | D:10     | Reached skill level 13 in Axes
 11924 | D:10     | Reached skill level 14 in Axes
 11924 | D:10     | Reached skill level 1 in Invocations
 12058 | D:10     | Noticed a cyclops
 12062 | D:10     | Killed a cyclops
 12615 | Lair:1   | Entered Level 1 of the Lair of Beasts
 12811 | Lair:1   | Reached XP level 12. HP: 63/99 MP: 15/15
 14060 | Lair:2   | Got a scorched tin ring
 14097 | Lair:2   | Reached ***** piety under Hepliaklqana
 14675 | Lair:3   | Identified the ring of Fiwnoso {rPois rF+ rC+ MR+} (You
                  | found it on level 2 of the Lair of Beasts)
 14719 | Lair:3   | Noticed Nergalle
 14726 | Lair:3   | Killed Nergalle
 14884 | Lair:3   | Found a hole to the Spider Nest.
 14994 | Lair:3   | Reached skill level 15 in Axes
 15317 | Lair:4   | Found a staircase to the Shoals.
 15322 | Lair:4   | Noticed a death yak
 15322 | Lair:4   | Noticed a death yak
 15322 | Lair:4   | Noticed a death yak
 15322 | Lair:4   | Noticed a death yak
 15327 | Lair:4   | Noticed a death yak
 15344 | Lair:4   | Killed a death yak
 15348 | Lair:4   | Killed a death yak
 15399 | Lair:2   | Killed a death yak
 15598 | Lair:4   | Noticed Snorg
 15676 | Lair:4   | Reached skill level 16 in Axes
 15690 | Lair:3   | Killed a death yak
 15691 | Lair:3   | Reached XP level 13. HP: 97/106 MP: 16/16
 15975 | Lair:4   | Killed Snorg
 16154 | Lair:4   | Noticed Nessos
 16188 | Lair:4   | Killed Nessos
 17307 | Lair:5   | Found a staircase to the Spriggan Forest.
 17362 | Lair:5   | Reached skill level 5 in Throwing
 17508 | Lair:6   | Entered Level 6 of the Lair of Beasts
 17523 | Lair:6   | Found a gate leading to a gauntlet.
 17532 | Gauntlet | Entered a Gauntlet
 17532 | Gauntlet | Found a transporter.
 17532 | Gauntlet | Found a transporter.
 17539 | Gauntlet | Found a transporter.
 17560 | Gauntlet | Found a transporter.
 17569 | Gauntlet | Found a transporter.
 17581 | Gauntlet | Noticed a balrug
 17582 | Gauntlet | Found a transporter.
 17592 | Gauntlet | Found a transporter.
 17592 | Gauntlet | Found a transporter.
 17599 | Gauntlet | Found a transporter.
 17616 | Gauntlet | Found a transporter.
 17623 | Gauntlet | Found a transporter.
 17632 | Gauntlet | Found a transporter.
 17678 | Gauntlet | Found a transporter.
 17693 | Gauntlet | Found a transporter.
 17797 | Gauntlet | Found a transporter.
 17818 | Gauntlet | Found a transporter.
 18138 | Gauntlet | Got a pair of jewelled gloves
 18144 | Gauntlet | Identified the +2 pair of gloves of Muttered Phrases {rC+
                  | rCorr Int+2} (You found it in a Gauntlet)
 18151 | Gauntlet | Identified the ring of the Heavens {Fire Str+2}
 18151 | Gauntlet | Noticed a minotaur
 18173 | Gauntlet | Killed a minotaur
 18325 | Gauntlet | Identified the Incunabulum of Beguiling
 18333 | Gauntlet | Identified Sif Muna's Grimoire of Enhancements
 18338 | Gauntlet | Identified the Almanac of the Vanishing Mice
 18363 | Lair:6   | Reached skill level 10 in Dodging
 18371 | Lair:6   | Reached skill level 1 in Evocations
 18747 | Lair:6   | Reached XP level 14. HP: 90/118 MP: 17/17
 20166 | Orc      | Entered the Orcish Mines
 20217 | Orc      | Found a dark tunnel.
 20225 | Volcano  | Entered a volcano
 20470 | Volcano  | Reached skill level 15 in Fighting
 20643 | Orc      | Found a flickering gateway to a bazaar.
 20649 | Bazaar   | Entered a bazaar
 20682 | Bazaar   | Found Tiked's Weapon Emporium.
 20711 | Bazaar   | Found Pyhaboec's Antique Weapon Emporium.
 20744 | Bazaar   | Found Pyhaboec's Antique Weapon Emporium.
 20768 | Bazaar   | Found Tiked's Weapon Emporium.
 21200 | Orc      | Found a viscous altar of Jiyva.
 21201 | Orc      | Found a staircase to the Slime Pits.
 21202 | Orc      | Found a viscous altar of Jiyva.
 21554 | Orc      | Found Baesus's Assorted Antiques.
 21675 | Orc      | Slain by an iron troll

Skill      XL: |  1  2  3  4  5  6  7  8  9 10 11 12 13 14 |
---------------+-------------------------------------------+-----
Fighting       | 3 5 6 8 11 12 14 15 | 15.7
Axes           | 3 5 7 10 12 14 16 | 16.0
Dodging        | 6 7 8 10 11 | 11.9
Invocations    | 4 |  4.0
Throwing       | 5 |  5.0
Evocations     | 2 4 |  4.0
Stealth        | |  1.0

Action                   |  1- 3 |  4- 6 |  7- 9 | 10-12 | 13-15 || total
-------------------------+-------+-------+-------+-------+-------++-------
Melee: Short sword       |   136 |    70 |       |       |       ||   206
       Tailslap          |    21 |    24 |    36 |    83 |    47 ||   211
       Unarmed           |       |     3 |       |       |       ||     3
       War axe           |       |    46 |   275 |   327 |       ||   648
       Dagger            |       |   111 |    42 |       |       ||   153
       Battleaxe         |       |       |       |   150 |   338 ||   488
Throw: Javelin           |    13 |    18 |    21 |    14 |     4 ||    70
Invok: Ancestor Identity |       |     1 |       |       |       ||     1
       Recall Ancestor   |       |       |     2 |       |     2 ||     4
       Ancestor Life: Kn |       |       |     1 |       |       ||     1
 Abil: Breathe Steam     |       |       |     4 |    60 |    67 ||   131
Evoke: Wand              |       |       |       |       |     6 ||     6
  Use: Scroll            |     4 |     1 |     5 |     9 |     8 ||    27
       Potion            |     1 |     4 |     3 |       |     5 ||    13
 Stab: Sleeping          |     2 |       |       |     2 |       ||     4
       Distracted        |       |       |     2 |     3 |     6 ||    11
       Invisible         |       |       |       |       |     1 ||     1
  Eat: Chunk             |     6 |    14 |    24 |    41 |    24 ||   109
       Ration            |       |       |       |     1 |     3 ||     4
Armor: Skin              |    47 |    79 |   135 |   101 |    78 ||   440
Dodge: Dodged            |   100 |   152 |   196 |   320 |   372 ||  1140
